 Dungeon Crawl Stone Soup version 0.31-a0-662-g684573625c (webtiles) character file.

Game seed: 13041108697552242756

121 benadryl the Sneak (level 5, -13/42 HPs)
             Began as a Human Wanderer on Aug 27, 2023.
             Killed by divine providence
             ... invoked by an orc priest
              (15 damage)
             ... on level 3 of the Dungeon on Aug 31, 2023.
             The game lasted 00:03:50 (2583 turns).

benadryl the Sneak (Human Wanderer)                 Turns: 2583, Time: 00:03:50

Health: -13/42     AC:  5    Str: 15    XL:     5   Next: 26%
Magic:  5/5        EV:  9    Int: 11    God:
Gold:   115        SH: 10    Dex: 13    Spells: 4/4 levels left

rFire   + . .        f - +1 dagger (speed)
rCold   . . .        p - +1 buckler
rNeg    . . .        h - +0 ring mail {rF+}
rPois   .            (no helmet)
rElec   .            (no cloak)
rCorr   .            (no gloves)
SInv    .            (no boots)
Will    .....        m - amulet of reflection
Stlth   ++           (no ring)
HPRegen 0.27/turn    (no ring)
MPRegen 0.09/turn

%: reflection
@: no status effects
A: no striking features
a: no special abilities


You were on level 3 of the Dungeon.
You visited 1 branch of the dungeon, and saw 3 of its levels.

You collected 115 gold pieces.

Inventory:

Hand Weapons
 f - a +1 dagger of speed (weapon)
 q - a +0 dagger of venom
Missiles
 c - a datura-tipped dart
Armour
 g - a +0 leather armour
 h - a +0 ring mail of fire resistance (worn)
 p - a +1 buckler (worn)
Magical Staves
 l - a staff of conjuration
Jewellery
 a - an amulet of faith
 m - an amulet of reflection (around neck)
Talismans
 j - a blade talisman
Wands
 e - a wand of polymorph (5)


   Skills:
 * Level 3.9 Fighting
 - Level 1.0 Maces & Flails
 - Level 1.0 Throwing
 + Level 5.5 Stealth
 - Level 3.0 Evocations


You had 4 spell levels left.
You didn't know any spells.
Your spell library contained the following spells:

 Spells                   Type           Power      Damage    Failure   Level
 Necrotise                Necr           0%         1d4       69%         1
 Vampiric Draining        Necr           0%         2d6       96%         3
 Animate Dead             Necr           0%         N/A       100%        4
 Agony                    Necr           0%         N/A       100%        5
 Borgnjor's Vile Clutch   Necr/Erth      0%         N/A       100%        5
 Death Channel            Necr           0%         N/A       100%        6


Dungeon Overview and Level Annotations

Branches:
Dungeon (3/15)

Altars:


Message History

You hit the orc priest.
The orc priest is severely wounded.
The orc priest mumbles some strange prayers to Beogh against you.
Pain shoots through your body!
You hit the orc priest but do no damage.
The orc priest is severely wounded.
The orc priest hits you with a +0 club.
You closely miss the orc priest.
The orc priest is severely wounded.
You closely miss the orc priest.
The orc priest is severely wounded.
The orc priest invokes the aid of Beogh against you.
Pain shoots through your body!
* * * LOW HITPOINT WARNING * * *
You hit the orc priest but do no damage.
The orc priest is severely wounded.
You block the orc priest's attack.
You aren't carrying any potions.
You hit the orc priest.
The orc priest is severely wounded.
You hit the orc priest.
The orc priest is almost dead.
The orc priest begins to cast a cantrip, but forgets the words!
You barely miss the orc priest.
The orc priest is almost dead.
The orc priest barely misses you.
You hit the orc priest.
The orc priest is almost dead.
The orc priest hits you with a +0 club.
* * * LOW HITPOINT WARNING * * *
You barely miss the orc priest.
The orc priest is almost dead.
You barely miss the orc priest.
The orc priest is almost dead.
The orc priest barely misses you.
You closely miss the orc priest.
The orc priest is almost dead.
The orc priest mumbles some strange prayers to Beogh against you.
Beogh smites you!
You die...

##### #
#########...########
########Ko@................
...(...{o#######...########
#..(....o..........#
#.########.........#######
##.####.#.##..†). #.#
#.#.##.#### #.# #.#.##.# #.
#.####.#)##.###.
##.##....).......


You could see an orc priest, an orc and a kobold.

Vanquished Creatures
  An orc wizard (D:3)
  A gnoll (D:1)
  2 adders
  A dart slug (D:2)
  3 orcs (D:3)
  6 ball pythons (D:1)
  2 bats
  7 endoplasms
  3 giant cockroaches
  7 hobgoblins
  A quokka (D:2)
  6 frilled lizards
  8 goblins
  5 kobolds
  7 rats
60 creatures vanquished.

Notes
Turn   | Place    | Note
-------+----------+-------------------------------------------
     0 | D:1      | benadryl the Human Wanderer began the quest for the Orb.
     0 | D:1      | benadryl set off with the following items: a +0 dagger, 2
                  | atropa-tipped darts, a datura-tipped dart, a +0 mace, a
                  | wand of polymorph (5), a potion of berserk rage, a +0
                  | leather armour.
     0 | D:1      | Reached XP level 1. HP: 13/13 MP: 1/1
   129 | D:1      | Reached skill level 1 in Fighting
   158 | D:1      | Reached XP level 2. HP: 14/21 MP: 2/2
   228 | D:1      | Upgraded the game from 0.31-a0-640-g39d97e502b to
                  | 0.31-a0-662-g684573625c
   380 | D:1      | Reached XP level 3. HP: 22/28 MP: 3/3
  1056 | D:2      | Reached XP level 4. HP: 18/35 MP: 4/4
  2126 | D:3      | Reached XP level 5. HP: 37/42 MP: 5/5
  2580 | D:3      | HP: 1/42 [orc priest/+0 club (4)]
  2583 | D:3      | Killed from afar by an orc priest

Illustrated notes

Levels and vault maps discovered:
D:1:      co_arrival_random_square_maze, layout_loops_ring
D:2:      layout_loops_ring
D:3:      layout_loops_ring

Skill      XL: |  1  2  3 |
---------------+----------+-----
Fighting       | 1 2 3 |  3.9
Maces & Flails | |  1.0
Throwing       | |  1.0
Stealth        | |  5.5
Evocations     | |  3.0

Action                     |  1- 3 |  4- 6 || total
---------------------------+-------+-------++-------
  Melee: Dagger            |   118 |   150 ||   268
         Punch             |     2 |       ||     2
  Throw: Dart              |       |     2 ||     2
    Use: Potion            |     1 |     1 ||     2
         Scroll            |       |     4 ||     4
   Stab: Sleeping          |     8 |     7 ||    15
         Distracted        |       |     2 ||     2
 Armour: Ring mail         |    43 |    52 ||    95
  Dodge: Dodged            |    46 |    29 ||    75
  Block: Other             |       |     4 ||     4
         Buckler           |       |    14 ||    14

Table legend: (Time is in decaauts)
 A = Elapsed time spent in this place.
 B = Non-inter-level travel time spent in this place.
 C = Inter-level travel time spent in this place.
 D = Time resting spent in this place.
 E = Time spent auto-exploring this place.
 F = Levels seen in this place.
 G = Mean time per level.
                   A        B        C        D        E       F      G
               +--------+--------+--------+--------+--------+-----+--------+
         Total |   2498 |   2309 |    189 |    262 |   1569 |   3 |  832.7 |
       Dungeon |   2498 |   2309 |    189 |    262 |   1569 |   3 |  832.7 |
               +--------+--------+--------+--------+--------+-----+--------+

Top non-repeatable levels by time:
     D:1: 1024 daAuts
     D:2: 974 daAuts
     D:3: 499 daAuts
